 Dungeon Crawl Stone Soup version 0.30.0 (webtiles) character file.

Game seed: 7097329685749644033

219059 edsrzf the Phalangite (level 19, -3/155 HPs)
             Began as a Barachi Necromancer on May 6, 2023.
             Was the Champion of Cheibriados.
             Slain by a salamander
             ... wielding a +0 halberd
              (20 damage)
             ... on level 4 of the Snake Pit.
             The game lasted 01:59:42 (36165 turns).

edsrzf the Phalangite (Barachi Necromancer)        Turns: 36165, Time: 01:59:43

Health: -3/155     AC: 18    Str: 28    XL:     19   Next: 13%
Magic:  42/42      EV: 32    Int: 47    God:    Cheibriados [******]
Gold:   2611       SH:  0    Dex: 40    Spells: 20/38 levels left

rFire   . . .        a - +8 bardiche (heavy)
rCold   + + .        (shield currently unavailable)
rNeg    . . .        F - +0 steam dragon scales
rPois   .            l - +2 helmet {Int+3}
rElec   +            u - +0 cloak "Zuer" {Harm MP+9 Int+8}
rCorr   .            Z - +1 pair of gloves "Hiamul" {Drain rElec Will+++}
SInv    .            m - +2 pair of boots
Will    ++++.        r - amulet "Etuzeat" {Drain rC++ Regen+ Int+3 Dex+2}
Stlth   +++          n - +6 ring of dexterity
HPRegen 1.25/turn    w - +5 ring of evasion
MPRegen 0.28/turn

%: harm (+30% outgoing, +20% incoming)
@: very slow
A: amphibious, slowness 1, strong legs 2, +LOS, agile 1
}: 1/15 runes: barnacled
a: Hop, Renounce Religion, Bend Time, Temporal Distortion, Slouch, Step From
Time


You were on level 4 of the Snake Pit.
You worshipped Cheibriados.
Cheibriados was exalted by your worship.
You visited 6 branches of the dungeon, and saw 31 of its levels.
You also visited: Sewer, Ossuary, Gauntlet, Ice Cave and Volcano.

You collected 3586 gold pieces.
You spent 975 gold pieces at shops.

Inventory:

Hand Weapons
 a - a +8 heavy bardiche (weapon)
 b - the +7 trident "Wyos" {protect, Will+}
   (You found it in an ossuary)

   Will:      It increases your willpower.
 f - a +3 glaive of freezing
Missiles
 d - a curare-tipped dart
 j - 34 poisoned darts
 Y - a throwing net {=f}
Armour
 l - a +2 helmet of intelligence (worn)
 m - a +2 pair of boots (worn)
 u - the +0 cloak "Zuer" (worn) {Harm MP+9 Int+8}
   (You bought it in a shop on level 1 of the Orcish Mines)

   Int:       It affects your intelligence (+8).
   MP:        It affects your magic capacity (+9).
   Harm:      It increases damage dealt and taken.
 F - +0 steam dragon scales (worn)
 Z - the +1 pair of gloves "Hiamul" (worn) {Drain rElec Will+++}
   (You acquired it on level 1 of the Snake Pit)

   rElec:     It insulates you from electricity.
   Drain:     It drains your maximum health when unequipped.
   Will:      It greatly increases your willpower.
Jewellery
 n - a +6 ring of dexterity (left hand)
 r - the amulet "Etuzeat" (around neck) {Drain rC++ Regen+ Int+3 Dex+2}
   (You found it in a Gauntlet)

   [amulet of regeneration]

   Int:       It affects your intelligence (+3).
   Dex:       It affects your dexterity (+2).
   rC:        It greatly protects you from cold.
   Regen:     It increases your rate of health regeneration.
   Drain:     It drains your maximum health when unequipped.
 t - a ring of protection from fire
 w - a +5 ring of evasion (right hand)
 A - the ring of Tyfof {rC+ Int-3 Dex+6 Stlth+}
   (You took it off a merfolk on level 4 of the Shoals)

   [ring of dexterity]

   Int:       It affects your intelligence (-3).
   Dex:       It affects your dexterity (+6).
   rC:        It protects you from cold.
   Stlth:     It makes you more stealthy.
 D - a ring of poison resistance
 E - a +5 ring of evasion
 U - a ring of protection from cold
 X - a ring of protection from fire
Wands
 v - a wand of flame (60)
 x - a wand of light (22)
 y - a wand of roots (30)
 K - a wand of polymorph (7)
 N - a wand of digging (9)
 P - a wand of mindburst (20)
Scrolls
 e - 7 scrolls of amnesia
 i - 4 scrolls of vulnerability
 s - 7 scrolls of teleportation {@r3}
 B - a scroll of brand weapon
 G - 4 scrolls of blinking
 H - 2 scrolls of summoning
 I - 3 scrolls of enchant armour
 M - 2 scrolls of torment {!r}
 O - 2 scrolls of fog
 T - 4 scrolls of fear
 V - a scroll of silence {!r}
 W - 4 scrolls of poison
Potions
 c - a potion of magic
 g - 4 potions of brilliance
 h - 11 potions of attraction
 p - 3 potions of might
 q - 3 potions of flight
 C - 4 potions of invisibility
 J - 3 potions of cancellation
 L - 6 potions of curing
 Q - 2 potions of mutation {!q}
 R - 5 potions of resistance
 S - a potion of berserk rage {!q}
Miscellaneous
 k - a phantom mirror
 z - a lightning rod (4/4)


   Skills:
 - Level 15.4 Fighting
 + Level 21.8 Polearms
 - Level 10.0 Armour
 - Level 10.1 Dodging
 - Level 1.7 Stealth
 - Level 10.0 Spellcasting
 - Level 7.0 Conjurations
 - Level 10.0 Hexes
 - Level 6.0 Necromancy
 - Level 7.1 Translocations
 - Level 7.1 Transmutations
 - Level 10.0 Invocations
 - Level 5.0 Evocations


You had 20 spell levels left.
You knew the following spells:

 Your Spells              Type           Power      Damage    Failure   Level
a - Necrotise             Necr           100%       1d9       1%          1
b - Blink                 Tloc           100%       N/A       1%          2
c - Confusing Touch       Hex            87%        N/A       1%          3
d - Tukima's Dance        Hex            87%        N/A       1%          3
e - Irradiate             Conj/Tmut      37%        3d24      1%          5
s - Slow                  Hex            100%       N/A       1%          1
v - Vampiric Draining     Necr           69%        2d10      1%          3

Your spell library contained the following spells:

 Spells                   Type           Power      Damage    Failure   Level
 Apportation              Tloc           100%       N/A       1%          1
 Foxfire                  Conj/Fire      100%       2x1d9     1%          1
 Magic Dart               Conj           100%       1d8       1%          1
 Sting                    Tmut/Pois      100%       1d8       1%          1
 Summon Small Mammal      Summ           92%        N/A       1%          1
 Call Imp                 Summ           46%        N/A       1%          2
 Cigotuvi's Dreadful Rot  Necr/Pois/Air  84%        N/A       1%          2
 Ensorcelled Hibernation  Hex/Ice        100%       N/A       1%          2
 Passwall                 Tmut/Erth      45%        N/A       1%          2
 Poisonous Vapours        Pois/Air       46%        N/A       1%          2
 Static Discharge         Conj/Air       100%       2-7/arc   1%          2
 Ignite Poison            Fire/Tmut/Pois 45%        N/A       1%          3
 Inner Flame              Hex/Fire       63%        N/A       1%          3
 Mephitic Cloud           Conj/Pois/Air  45%        N/A       1%          3
 Volatile Blastmotes      Fire/Tloc      100%       2d18      1%          3
 Animate Dead             Necr           69%        N/A       1%          4
 Fulminant Prism          Conj/Hex       40%        3d19      1%          4
 Iskenderun's Mystic Bla  Conj/Tloc      74%        2d15      1%          4
 Manifold Assault         Tloc           74%        N/A       1%          4
 Passage of Golubria      Tloc           74%        N/A       1%          4
 Blade Hands              Tmut           37%        N/A       1%          5
 Yara's Violent Unravell  Hex/Tmut       40%        3d16      1%          5
 Flame Wave               Conj/Fire      54%        2d13      2%          4
 Sticky Flame             Conj/Fire      54%        2d7       2%          4
 Agony                    Necr           69%        N/A       2%          5
 Ozocubu's Armour         Ice            23%        N/A       3%          3
 Swiftness                Air            23%        N/A       3%          3
 Metabolic Englaciation   Hex/Ice        31%        N/A       3%          5
 Silence                  Hex/Air        31%        N/A       3%          5
 Alistair's Intoxication  Tmut/Pois      36%        N/A       7%          5
 Fireball                 Conj/Fire      27%        3d12      7%          5
 Borgnjor's Vile Clutch   Necr/Erth      25%        N/A       9%          5
 Airstrike                Air            11%        2d(2-18)  11%         4
 Olgreb's Toxic Radiance  Pois           23%        N/A       11%         4
 Summon Lightning Spire   Summ/Air       23%        N/A       11%         4
 Freezing Cloud           Conj/Ice/Air   22%        6-21      12%         5
 Death Channel            Necr           34%        N/A       14%         6
 Enfeeble                 Hex            43%        N/A       16%         7
 Lee's Rapid Deconstruct  Erth           11%        3d8*      30%         5
 Eringya's Noxious Bog    Tmut/Pois      27%        N/A       36%         6
 Starburst                Conj/Fire      27%        6d9       36%         6
 Simulacrum               Ice/Necr       25%        N/A       43%         6
 Dragon Form              Tmut           37%        N/A       45%         7
 Storm Form               Tmut/Air       27%        N/A       91%         7
 Lehudib's Crystal Spear  Conj/Erth      27%        10d7      100%        8


Dungeon Overview and Level Annotations

Branches:
Dungeon (15/15)            Temple (1/1) D:6            Lair (5/5) D:9
 Shoals (4/4) Lair:2        Snake (4/4) Lair:2        Slime (0/5) Lair:5
    Orc (2/2) D:12            Elf (0/3) Orc:2        Vaults (0/5) D:14
 Depths (0/4) D:15          Sewer (visited)         Ossuary (visited)
  IceCv (visited)         Volcano (visited)         Gauntlet (visited)

Altars:
Ashenzari
Cheibriados
Dithmenos
Elyvilon
Fedhas
Gozag
Hepliaklqana
Kikubaaqudgha
Makhleb
Nemelex Xobeh
Okawaru
Qazlal
Ru
Sif Muna
Trog
Uskayaw
Vehumet
Wu Jian
Xom
Yredelemnul
Zin
The Shining One

Shops:
D:7 =   D:11 !   D:13 (   D:14 =   Orc:1 [   Orc:2 *:[(   Shoals:3 [
Shoals:4 *   Snake:3 ?

Portals:
Abyss: D:3

Annotations:
D:3 2 transporters, Lancus's ghost, amateur SpWr
D:14 3 runed translucent doors, Laowois's ghost, journeyman MiBe


Innate Abilities, Weirdness & Mutations

You are amphibious.
You cover ground slowly.
You can hop long distances.
You have an extended range of vision and can be seen from far away.
You are agile. (Dex +4, Str/Int -1)


Message History

You hear a shout!
The naga warrior spits poison at you. The splash of poison misses you.
A naga comes into view. It is wielding a +0 scimitar.
The naga shouts!
You carve the naga like a ham!!!
You kill the naga!
Cheibriados thoroughly appreciates the change of pace.
You reach to attack!
You slice the naga mage like a ripe choko!!!
You kill the naga mage!
Cheibriados thoroughly appreciates the change of pace.
You hear a shout! x4
The naga warrior roars a battlecry!
You hear a shout!
You hit the naga.
The naga is lightly wounded.
You hear a shout!
A naga comes into view. It is wielding a +0 battleaxe.
The naga barely misses you. The naga closely misses you.
You slice the naga!!
You kill the naga!
Cheibriados appreciates the change of pace.
A naga comes into view. It is wielding a +0 dire flail.
The naga warrior misses you.
A naga comes into view. It is wielding a +0 mace.
You reach to attack!
You slice the salamander mystic!!
The salamander mystic is severely wounded.
The naga warrior completely misses you.
You open the salamander mystic like a pillowcase!!!!
You kill the salamander mystic!
Cheibriados thoroughly appreciates the change of pace.
The naga warrior spits poison at you.
The splash of poison hits you but does no damage.
You are poisoned.
You slash the naga mage!
The naga mage is heavily wounded.
You feel sick.
The naga warrior hits you from afar with a +0 halberd!!
The salamander closely misses you.
The naga warrior hits you from afar with a +0 halberd!!
You closely miss the naga mage.
The naga mage is heavily wounded.
You feel sick. The salamander barely misses you.
The naga warrior hits you from afar with a +0 halberd.
You slice the naga mage like a ripe choko!!!
You kill the naga mage!
Cheibriados thoroughly appreciates the change of pace.
You feel sick. The salamander closely misses you.
The naga warrior completely misses you.
You are too injured to fight recklessly!
You slash the naga!
The naga is severely wounded.
You feel sick. The naga completely misses you. The naga grabs you.
The naga constricts you. The salamander completely misses you.
The naga warrior completely misses you. The naga spits poison at you.
The splash of poison misses you. The naga constricts you.
The salamander closely misses you. The naga warrior closely misses you.
Press: ? - help, v - describe, . - travel
Here: a naga, wielding a +0 battleaxe and wearing a +0 robe The floor, spattered with blood.
Unknown command.
You carve the naga like a ham!!!!
You kill the naga!
Cheibriados appreciates the change of pace.
You feel sick. The naga spits poison at you. The splash of poison misses you.
The salamander completely misses you. The naga warrior completely misses you.
You slice the naga!!
You kill the naga!
Cheibriados appreciates the change of pace.
The naga closely misses you. The naga completely misses you.
The salamander hits you from afar with a +0 halberd!
You are engulfed in flames!
The naga warrior completely misses you.
You carve the naga like a ham!!!
You kill the naga!
Cheibriados appreciates the change of pace.
You feel sick.
The naga no longer looks unusually strong.
The salamander completely misses you. The naga warrior completely misses you.
You slice the naga!!
The naga is almost dead.
You feel sick.
You are no longer poisoned.
The salamander barely misses you.
The naga warrior roars a battlecry!
The nagas go into a battle-frenzy!
You completely miss the naga.
The naga is almost dead.
The salamander hits you from afar with a +0 halberd!
* * * LOW HITPOINT WARNING * * *
You are engulfed in flames!
* * * LOW HITPOINT WARNING * * *
The naga warrior hits you but does no damage.
The naga spits poison at you. The splash of poison misses you.
The salamander hits you from afar with a +0 halberd!
You die...

#.............####
#.#
##$...........#
#.# ##...........#
#.# #''##########
#.# #.......# .#
#..####.#######
#...............
#...............
#.....@N........
##'####N########
#### #..N .NN.
#... #N..N ......
#... #. ..
.......# #... #
.......# #...
......# #...
......'. #...
......'. #...


You could see a naga warrior, a salamander (strong) and 2 nagas.

Vanquished Creatures
  An Ice Fiend (IceCv)
  The ghost of busb the Devastator, a journeyman BaNe of Vehumet (Shoals:1)
  Gastronok (Orc:1)
  A nagaraja (Snake:3)
  Ilsuiw (Shoals:2)
  An orc warlord (Orc:2)
  A quicksilver ooze (Gauntlet)
  Nessos (D:14)
  A minotaur (Gauntlet)
  The ghost of porkupine the Destroyer, a journeyman NaHW of Sif Muna (Orc:2)
  6 merfolk impalers
  2 fire dragons
  Josephine (D:11)
  2 merfolk javelineers (Shoals:4)
  4 hydras
  Fannar (Lair:2)
  An ogre mage (D:15)
  Erolcha (Orc:1)
  9 two-headed ogres
  2 catoblepae (Lair:5)
  A salamander tyrant (Snake:4)
  4 merfolk avatars
  5 centaur warriors
  9 anacondas
  3 death knights
  Erica (Lair:2)
  10 merfolk aquamancers
  4 satyrs
  4 death yaks (Lair:4)
  3 boulder beetles
  6 orc high priests (Orc:2)
  4 tengu warriors
  5 naga warriors
  Nergalle (Lair:3)
  9 naga sharpshooters
  7 shock serpents
  Amaemon (Lair:2)
  A skyshark (Shoals:2)
  A hell knight (Volcano)
  2 skeletal warriors
  A deep elf knight (D:14)
  2 salamander mystics
  A spectral anaconda (Snake:3)
  A swamp dragon (Lair:5)
  23 sea snakes
  2 naga ritualists
  3 spriggan simulacra
  An obsidian statue (IceCv)
  An orange crystal statue (IceCv)
  A deep elf archer (D:12)
  A wizard (Gauntlet)
  2 anaconda skeletons (Snake:3)
  A phantasmal warrior (D:15)
  A bog body (IceCv)
  4 mana vipers
  4 orc knights
  3 deep elf pyromancers
  3 deep elf zephyrmancers (D:14)
  4 harpies (Shoals:1)
  18 manticores
  19 fauns
  6 ugly things
  A wolf spider (D:15)
  6 cyclopes
  A manticore (shapeshifter) (D:14)
  4 orc sorcerers (Orc:2)
  A moth of wrath (shapeshifter) (D:15)
  2 oklob plants
  12 salamanders
  9 elephants
  15 naga magi
  2 guardian serpents (Snake:2)
  26 black mambas
  4 water nymphs
  10 merfolk sirens
  2 molten gargoyles (Volcano)
  A guardian serpent (shapeshifter) (D:12)
  10 cane toads
  An orange demon (Lair:2)
  3 gargoyles
  Maggie (D:6)
  12 komodo dragons
  2 cane toads (shapeshifter)
  8 rime drakes
  8 yaktaurs
  A yaktaur (shapeshifter) (D:14)
  2 ice devils (IceCv)
  7 spectral nagas (Snake:3)
  9 freezing wraiths
  3 centaur skeletons (D:14)
  A tengu conjurer (D:15)
  3 kobold demonologists (D:13)
  An anaconda simulacrum (Snake:3)
  A sea snake skeleton (Snake:3)
  An efreet (D:14)
  A burning bush (Lair:4)
  A golden dragon simulacrum (IceCv)
  6 trolls
  7 wind drakes
  11 polar bears
  A meliai (D:12)
  17 merfolk
  8 snapping turtles
  32 blink frogs
  A hornet (D:9)
  Grinder (D:6)
  2 raiju (Lair:5)
  A spectral guardian serpent (Snake:3)
  8 dream sheep
  9 slime creatures
  2 shadows (D:10)
  A culicivora (shapeshifter) (D:12)
  A guardian serpent skeleton (Snake:3)
  2 dire elephant simulacra
  4 wyverns
  A vampire (D:11)
  11 water elementals
  9 wraiths
  7 basilisks
  A fire bat (Volcano)
  56 yaks
  7 vampire mosquitoes
  Menkaure (D:7)
  2 harpy simulacra
  A steam dragon (Lair:5)
  4 minotaur simulacra
  8 wargs
  37 nagas
  5 acid dragons
  15 water moccasins
  13 hell hounds (Lair:5)
  Duvessa (D:6)
  A meliai simulacrum (D:9)
  33 orc warriors
  7 ice beasts
  A hornet zombie (D:7)
  3 naga skeletons (Snake:3)
  2 sky beasts (D:7)
  3 alligator simulacra
  16 black bears
  27 wolves
  9 centaurs
  7 ogres
  2 phantoms (D:5)
  A kobold brigand (D:8)
  2 elf zombies (Ossuary)
  5 bullfrogs
  2 wyvern zombies (D:7)
  A gnoll sergeant (D:8)
  9 deep troll simulacra
  2 water moccasin zombies (D:7)
  14 wights
  Dowan (D:6)
  5 killer bees (D:8)
  2 lindwurm simulacra (IceCv)
  3 electric eels
  3 howler monkeys
  3 bullfrog zombies (D:7)
  4 hounds
  A gnoll bouda (D:6)
  3 human zombies (Ossuary)
  4 centaur zombies
  21 orc priests
  6 iguanas
  20 orc wizards
  2 sleepcaps
  Ijyb (D:3)
  Terence (D:3)
  6 hell rats (Lair:1)
  A boggart skeleton (D:14)
  3 killer bee zombies (D:7)
  3 mummies
  2 howler monkey zombies (D:7)
  30 gnolls
  12 adders
  4 naga simulacra (Snake:3)
  5 river rats (Sewer)
  2 shadow imps
  2 white imps (Gauntlet)
  An adder zombie (Ossuary)
  7 worms
  2 dart slugs
  57 orcs
  10 ball pythons
  7 endoplasms
  8 giant cockroaches
  9 goblins
  19 hobgoblins
  4 jackals (D:1)
  24 kobolds
  4 quokkas
  7 bats
  6 frilled lizards
  A goblin zombie (Ossuary)
  15 hobgoblin zombies
  A jackal zombie (Ossuary)
  8 kobold zombies
  7 orc zombies (Ossuary)
  27 rats
  A bush (Lair:4)
1209 creatures vanquished.

Vanquished Creatures (collateral kills)
  A merfolk impaler (Shoals:4)
  A merfolk siren (Shoals:4)
  2 merfolk
  An ogre (D:3)
  A gnoll (D:6)
  2 giant cockroaches (D:4)
  2 ball pythons (Sewer)
  A frilled lizard (D:5)
  2 kobolds
  A rat (D:3)
14 creatures vanquished.

Vanquished Creatures (others)
  A wizard (Gauntlet)
  An orc (Orc:2)
  34 fungi
  302 plants
  6 toadstools (D:5)
  A withered plant (Shoals:1)
345 creatures vanquished.

Grand Total: 1568 creatures vanquished

Notes
Turn   | Place    | Note
-------+----------+-------------------------------------------
     0 | D:1      | edsrzf the Barachi Necromancer began the quest for the Orb.
     0 | D:1      | Reached XP level 1. HP: 13/13 MP: 3/3
    70 | D:1      | Reached skill level 4 in Necromancy
    70 | D:1      | Reached XP level 2. HP: 19/19 MP: 0/5
   385 | D:1      | Reached XP level 3. HP: 24/24 MP: 3/6
  1029 | D:2      | Reached skill level 5 in Necromancy
  1029 | D:2      | Reached XP level 4. HP: 23/30 MP: 0/7
  1377 | D:2      | Found a broken altar of Ashenzari.
  1945 | D:2      | Found a faded altar of an unknown god.
  2279 | D:3      | Noticed an ancient zyme
  2279 | D:3      | Noticed a small abomination
  2285 | D:3      | Reached XP level 5. HP: 35/35 MP: 4/8
  2393 | D:3      | Noticed a kobold brigand
  2398 | D:3      | Found a one-way gate to the infinite horrors of the Abyss.
  2398 | D:3      | Noticed Lancus's ghost (amateur SpWr)
  2400 | D:3      | Found a transporter.
  2524 | D:3      | Reached skill level 6 in Necromancy
  2705 | D:3      | Found a transporter.
  2709 | D:3      | Noticed Terence
  2748 | D:3      | Killed Terence
  2749 | D:3      | Reached skill level 1 in Fighting
  2772 | D:3      | Found a burning altar of Makhleb.
  2885 | D:3      | Noticed Ijyb
  2893 | D:3      | Killed Ijyb
  2894 | D:3      | Reached XP level 6. HP: 36/44 MP: 2/10
  2917 | D:3      | Reached skill level 2 in Fighting
  2917 | D:3      | Reached skill level 3 in Spellcasting
  2921 | D:3      | Learned a level 3 spell: Vampiric Draining
  3165 | D:4      | Reached skill level 3 in Fighting
  3327 | D:4      | Found a radiant altar of Vehumet.
  3329 | D:4      | Found a shadowy altar of Dithmenos.
  3350 | D:4      | Reached skill level 4 in Fighting
  3350 | D:4      | Reached skill level 4 in Spellcasting
  3350 | D:4      | Reached XP level 7. HP: 20/54 MP: 5/13
  3435 | D:4      | Found a sacrificial altar of Ru.
  3474 | D:4      | Reached skill level 5 in Fighting
  3480 | D:4      | Found a bloodstained altar of Trog.
  3708 | D:4      | Reached skill level 5 in Spellcasting
  3975 | D:4      | Reached XP level 8. HP: 51/64 MP: 15/15
  4208 | D:4      | Reached skill level 3 in Dodging
  4742 | D:5      | Entered Level 5 of the Dungeon
  4752 | D:4      | Reached skill level 6 in Fighting
  4967 | D:5      | Reached skill level 4 in Dodging
  5333 | D:5      | Reached skill level 7 in Fighting
  5845 | D:5      | Found a broken altar of Ashenzari.
  6021 | D:5      | Reached skill level 5 in Dodging
  6296 | D:6      | Identified 3 scrolls of amnesia
  6297 | D:6      | Identified 3 scrolls of identify
  6297 | D:6      | Identified a potion of haste
  6298 | D:6      | Identified 2 potions of might
  6299 | D:6      | Identified a potion of degeneration
  6301 | D:6      | Identified 2 scrolls of vulnerability
  6302 | D:6      | Identified 2 scrolls of poison
  6303 | D:6      | Identified a scroll of blinking
  6304 | D:6      | Identified a scroll of magic mapping
  6305 | D:6      | Identified a scroll of torment
  6306 | D:6      | Identified a scroll of noise
  6307 | D:6      | Identified a scroll of brand weapon
  6358 | D:6      | Identified 3 potions of mutation
  6358 | D:6      | Gained mutation: Potions are less effective at restoring
                  | your health. [potion of mutation]
  6367 | D:6      | HP: 3/68 [poisoned by an adder]
  6394 | D:6      | Found a glowing drain.
  6402 | Sewer    | Entered a sewer
  6440 | Sewer    | Identified a potion of invisibility
  6705 | D:6      | Reached skill level 8 in Fighting
  6711 | D:6      | Found a sand-covered staircase.
  6715 | Ossuary  | Entered an ossuary
  6718 | Ossuary  | Learned a level 1 spell: Slow
  6722 | Ossuary  | Learned a level 3 spell: Confusing Touch
  6932 | Ossuary  | Reached skill level 1 in Hexes
  6945 | Ossuary  | Reached skill level 2 in Hexes
  6945 | Ossuary  | Reached XP level 9. HP: 55/74 MP: 16/16
  6978 | Ossuary  | Reached skill level 3 in Hexes
  7287 | Ossuary  | Reached skill level 4 in Hexes
  7414 | Ossuary  | Identified a potion of ambrosia
  7415 | Ossuary  | Identified a potion of lignification
  7416 | Ossuary  | Identified 3 potions of attraction
  7442 | Ossuary  | Identified the +7 trident "Wyos" {protect, Will+}
  7498 | D:6      | Reached skill level 1 in Polearms
  7502 | D:6      | Reached skill level 2 in Polearms
  7544 | D:6      | Noticed Maggie
  7573 | D:6      | Killed Maggie
  7574 | D:6      | Reached skill level 5 in Polearms
  7693 | D:6      | Noticed Dowan
  7694 | D:6      | Noticed Duvessa
  7704 | D:6      | Killed Dowan
  7705 | D:6      | Reached skill level 6 in Polearms
  7729 | D:6      | Reached skill level 7 in Polearms
  7754 | D:6      | Killed Duvessa
  7991 | D:6      | Reached skill level 8 in Polearms
  8147 | D:6      | Found an ancient bone altar of Kikubaaqudgha.
  8187 | D:6      | Found a staircase to the Ecumenical Temple.
  8237 | D:6      | Found a sparkling altar of Nemelex Xobeh.
  8438 | D:6      | Noticed Grinder
  8444 | D:6      | Paralysed by Grinder for 5 turns
  8473 | D:6      | Killed Grinder
  8474 | D:6      | Reached skill level 9 in Polearms
  8483 | D:6      | Identified 2 potions of flight
  8669 | D:6      | Reached skill level 10 in Polearms
  8767 | Temple   | Entered the Ecumenical Temple
  8815 | Temple   | Became a worshipper of Cheibriados the Contemplative
  8867 | D:7      | Reached XP level 10. HP: 80/80 MP: 17/17
  8941 | D:7      | Reached skill level 11 in Polearms
  8951 | D:7      | Found a basalt altar of Yredelemnul.
  9058 | D:7      | Reached * piety under Cheibriados
  9122 | D:7      | Lost mutation: Potions are less effective at restoring your
                  | health. [potion of mutation]
  9122 | D:7      | Gained mutation: You expend magic power (3 MP) to
                  | strengthen your wands. [potion of mutation]
  9122 | D:7      | Gained mutation: You are frail. (-10% HP) [potion of
                  | mutation]
  9123 | D:7      | Lost mutation: You are frail. (-10% HP) [potion of
                  | mutation]
  9123 | D:7      | Lost mutation: You expend magic power (3 MP) to strengthen
                  | your wands. [potion of mutation]
  9123 | D:7      | Gained mutation: Your mind is acute. (Int +4, Str/Dex -1)
                  | [potion of mutation]
  9123 | D:7      | Gained mutation: Your spells are a little easier to cast,
                  | but a little less powerful. [potion of mutation]
  9123 | D:7      | Gained mutation: Your body sometimes deteriorates upon
                  | taking damage. [potion of mutation]
  9174 | D:7      | Reached skill level 12 in Polearms
  9343 | D:7      | Noticed Menkaure
  9349 | D:7      | Killed Menkaure
  9588 | D:7      | Lost mutation: Your spells are a little easier to cast, but
                  | a little less powerful. [potion of mutation]
  9588 | D:7      | Lost mutation: Your mind is acute. (Int +4, Str/Dex -1)
                  | [potion of mutation]
  9588 | D:7      | Gained mutation: You are dopey. (Int -2) [potion of
                  | mutation]
  9588 | D:7      | Gained mutation: Potions are less effective at restoring
                  | your health. [potion of mutation]
  9588 | D:7      | Gained mutation: You are partially covered in iridescent
                  | scales. (AC +2) [potion of mutation]
  9589 | D:7      | Lost mutation: Your body sometimes deteriorates upon taking
                  | damage. [potion of mutation]
  9589 | D:7      | Lost mutation: You are dopey. (Int -2) [potion of mutation]
  9589 | D:7      | Gained mutation: You are mostly covered in iridescent
                  | scales. (AC +4) [potion of mutation]
  9589 | D:7      | Lost mutation: You are mostly covered in iridescent scales.
                  | (AC +4) [potion of mutation]
  9589 | D:7      | Lost mutation: You are partially covered in iridescent
                  | scales. (AC +2) [potion of mutation]
  9589 | D:7      | Gained mutation: You have a pair of small horns on your
                  | head. [potion of mutation]
  9641 | D:7      | Found Uqam's Jewellery Shop.
 10420 | D:8      | Reached ** piety under Cheibriados
 10421 | D:8      | Reached skill level 13 in Polearms
 11314 | D:9      | Reached skill level 14 in Polearms
 11390 | D:9      | Reached skill level 1 in Armour
 11391 | D:9      | Reached XP level 11. HP: 77/86 MP: 18/18
 11398 | D:9      | Reached *** piety under Cheibriados
 11399 | D:9      | Reached skill level 6 in Dodging
 11402 | D:9      | Reached skill level 2 in Armour
 11428 | D:9      | Reached skill level 3 in Armour
 11466 | D:9      | Found a staircase to the Lair.
 11493 | D:9      | Reached skill level 4 in Armour
 11502 | D:9      | Reached skill level 7 in Dodging
 11953 | D:10     | Entered Level 10 of the Dungeon
 11953 | D:10     | Noticed a two-headed ogre
 11961 | D:9      | Killed a two-headed ogre
 11962 | D:9      | Reached skill level 5 in Armour
 12047 | D:10     | Reached skill level 8 in Dodging
 12086 | D:10     | Reached skill level 6 in Armour
 12103 | D:10     | Reached **** piety under Cheibriados
 12402 | D:10     | Reached skill level 7 in Armour
 12422 | D:10     | Reached skill level 9 in Dodging
 12750 | D:11     | Identified 3 potions of brilliance
 12824 | D:11     | Reached skill level 8 in Armour
 12824 | D:11     | Noticed a centaur warrior
 12886 | D:11     | Reached ***** piety under Cheibriados
 12896 | D:11     | Reached XP level 12. HP: 92/92 MP: 19/19
 12950 | D:11     | Killed a centaur warrior
 13089 | D:11     | Noticed Josephine
 13103 | D:11     | Killed Josephine
 13104 | D:11     | Reached skill level 9 in Armour
 13104 | D:11     | Reached skill level 10 in Dodging
 13291 | D:11     | Reached skill level 1 in Invocations
 13527 | D:11     | Found Vaps's Distillery.
 13531 | D:11     | Bought a potion of heal wounds for 90 gold pieces
 13531 | D:11     | Bought a potion of heal wounds for 90 gold pieces
 13653 | Lair:1   | Entered Level 1 of the Lair of Beasts
 13811 | Lair:1   | Identified the +0 scale mail "Uzoiwat" {Int+4}
 13830 | Lair:1   | Reached skill level 2 in Invocations
 13875 | Lair:1   | Identified 3 scrolls of fog
 13876 | Lair:1   | Identified 3 scrolls of enchant armour
 13885 | Lair:1   | Identified a potion of cancellation
 13997 | Lair:1   | Found a dark tunnel.
 14002 | Volcano  | Entered a volcano
 14090 | Volcano  | Found a burning altar of Makhleb.
 14108 | Volcano  | Reached skill level 10 in Armour
 14108 | Volcano  | Reached skill level 3 in Invocations
 14305 | Volcano  | Noticed a hell knight
 14310 | Volcano  | Killed a hell knight
 14311 | Volcano  | Reached skill level 4 in Invocations
 14332 | Volcano  | Reached skill level 9 in Fighting
 14492 | Lair:1   | Reached skill level 5 in Invocations
 14644 | Lair:1   | Reached skill level 10 in Fighting
 14656 | Lair:1   | Reached skill level 6 in Invocations
 14686 | Lair:1   | Gained mutation: You can hop long distances. [Barachi
                  | growth]
 14686 | Lair:1   | Reached XP level 13. HP: 103/103 MP: 17/20
 14843 | Lair:1   | Learned a level 2 spell: Blink
 14904 | Lair:1   | Reached skill level 1 in Translocations
 15219 | Lair:2   | Reached skill level 2 in Translocations
 15242 | Lair:2   | Reached skill level 7 in Invocations
 15311 | Lair:2   | Noticed Amaemon
 15321 | Lair:2   | Reached skill level 3 in Translocations
 15331 | Lair:2   | Killed Amaemon
 15336 | Lair:2   | Noticed Fannar
 15363 | Lair:2   | Killed Fannar
 15363 | Lair:2   | Reached ****** piety under Cheibriados
 15583 | Lair:2   | Reached skill level 4 in Translocations
 15590 | Lair:2   | Found a staircase to the Snake Pit.
 15756 | Lair:2   | Reached skill level 5 in Translocations
 15776 | Lair:2   | Noticed Erica
 15793 | Lair:2   | Killed Erica
 15794 | Lair:2   | Reached skill level 8 in Invocations
 15983 | Lair:2   | Reached skill level 6 in Translocations
 16086 | Lair:2   | Found a staircase to the Shoals.
 16383 | Lair:2   | Identified a scroll of summoning
 16491 | Lair:3   | Noticed Nergalle
 16503 | Lair:3   | Killed Nergalle
 16627 | Lair:3   | Reached skill level 7 in Translocations
 16737 | Lair:3   | Reached skill level 9 in Invocations
 16856 | Lair:3   | Identified 2 potions of resistance
 16871 | Lair:3   | Lost mutation: You have a pair of small horns on your head.
                  | [potion of mutation]
 16871 | Lair:3   | Lost mutation: Potions are less effective at restoring your
                  | health. [potion of mutation]
 16871 | Lair:3   | Gained mutation: You are agile. (Dex +4, Str/Int -1)
                  | [potion of mutation]
 17496 | Lair:3   | Found a blossoming altar of Fedhas.
 17512 | Lair:3   | You fall into a shaft and drop 2 floors!
 17512 | Lair:5   | Entered Level 5 of the Lair of Beasts
 17558 | Lair:4   | Reached skill level 10 in Invocations
 17581 | Lair:4   | Reached XP level 14. HP: 78/110 MP: 20/22
 17811 | Lair:4   | Reached skill level 6 in Spellcasting
 18278 | Lair:4   | Found a stormy altar of Qazlal.
 18409 | Lair:4   | Identified 4 scrolls of enchant weapon
 18410 | Lair:4   | Identified 3 scrolls of immolation
 18414 | Lair:4   | Reached skill level 11 in Fighting
 18473 | Lair:4   | Learned a level 5 spell: Irradiate
 18832 | Lair:5   | Reached skill level 7 in Spellcasting
 18850 | Lair:5   | Learned a level 3 spell: Tukima's Dance
 19315 | Lair:5   | Identified a scroll of fear
 19538 | Lair:5   | Reached skill level 8 in Spellcasting
 19704 | Lair:5   | Reached skill level 12 in Fighting
 20058 | Lair:5   | Found a staircase to the Slime Pits.
 20059 | Lair:5   | Identified a scroll of silence
 20100 | Lair:5   | Reached skill level 5 in Hexes
 20555 | Lair:5   | Reached skill level 9 in Spellcasting
 20558 | Lair:5   | Reached skill level 6 in Hexes
 20778 | Lair:5   | Identified a potion of berserk rage
 20836 | Lair:5   | Reached skill level 7 in Hexes
 21163 | Lair:3   | Reached XP level 15. HP: 94/120 MP: 28/28
 21629 | D:12     | Reached skill level 10 in Spellcasting
 21650 | D:12     | Reached skill level 1 in Conjurations
 21650 | D:12     | Reached skill level 1 in Transmutations
 21698 | D:12     | Reached skill level 8 in Hexes
 21843 | D:12     | Got the Collected Works on Calefaction
 21910 | D:12     | Reached skill level 2 in Conjurations
 21910 | D:12     | Reached skill level 2 in Transmutations
 22090 | D:12     | Reached skill level 3 in Conjurations
 22090 | D:12     | Reached skill level 3 in Transmutations
 22323 | D:12     | Found a staircase to the Orcish Mines.
 22595 | D:12     | Identified the +5 chain mail of Ykouwn {rF+}
 22881 | Orc:1    | Entered Level 1 of the Orcish Mines
 22881 | Orc:1    | Noticed Erolcha
 22886 | Orc:1    | Killed Erolcha
 23085 | Orc:2    | Entered Level 2 of the Orcish Mines
 23130 | Orc:2    | Reached skill level 4 in Conjurations
 23139 | Orc:2    | Found Fedaz's Antique Armour Emporium.
 23155 | Orc:2    | Found a staircase to the Elven Halls.
 23208 | Orc:1    | Noticed Gastronok
 23256 | Orc:2    | Found Ywkapott's Antique Weapon Shoppe.
 23262 | Orc:2    | Reached skill level 4 in Transmutations
 23522 | Orc:2    | Reached skill level 9 in Hexes
 23578 | Orc:2    | Found a runed translucent door.
 23579 | Orc:2    | Noticed porkupine's ghost (journeyman NaHW)
 23582 | Orc:2    | Found Veruec's Book Shop.
 23693 | Orc:2    | Found Jikisio's General Store.
 23693 | Orc:2    | Noticed an orc warlord
 23725 | Orc:2    | Killed an orc warlord
 23726 | Orc:2    | Reached skill level 5 in Conjurations
 23726 | Orc:2    | Reached skill level 5 in Transmutations
 24304 | Orc:2    | Killed porkupine's ghost
 24306 | Orc:2    | Identified the +1 ring mail of Lugonu, Bashing {rF+}
 24453 | Orc:1    | Killed Gastronok
 24607 | Orc:1    | Found Zedow's Antique Armour Boutique.
 24625 | Orc:1    | Bought a smoking cloak for 285 gold pieces
 24625 | Orc:1    | Identified the +0 cloak "Zuer" {Harm MP+9 Int+8} (You
                  | bought it in a shop on level 1 of the Orcish Mines)
 24645 | Orc:1    | Bought a pair of glowing gloves for 225 gold pieces
 24645 | Orc:1    | Bought an ancient chain mail for 285 gold pieces
 24645 | Orc:1    | Identified the +2 chain mail of Vehumet's Pride {Str+3}
                  | (You bought it in a shop on level 1 of the Orcish Mines)
 24915 | D:13     | Reached skill level 6 in Conjurations
 24915 | D:13     | Reached skill level 6 in Transmutations
 25017 | D:13     | Reached skill level 10 in Hexes
 25431 | D:13     | Found Bepu's Antique Weapon Shoppe.
 25689 | D:14     | Found a runed translucent gate.
 25689 | D:14     | Found a runed translucent gate.
 25691 | D:14     | Found a runed translucent gate.
 25692 | D:14     | Noticed Laowois's ghost (journeyman MiBe)
 25747 | D:14     | Found Kutuwnoe's Jewellery Shoppe.
 25799 | D:14     | Reached XP level 16. HP: 84/127 MP: 30/30
 25814 | D:14     | Noticed Nessos
 25836 | D:14     | Killed Nessos
 25861 | D:14     | Reached skill level 7 in Conjurations
 25861 | D:14     | Reached skill level 7 in Transmutations
 25881 | D:14     | Found a gate leading to a gauntlet.
 25886 | Gauntlet | Entered a Gauntlet
 25886 | Gauntlet | Found a transporter.
 25886 | Gauntlet | Found a transporter.
 25889 | Gauntlet | Found a transporter.
 25889 | Gauntlet | Found a transporter.
 25899 | Gauntlet | Found a transporter.
 25899 | Gauntlet | Found a transporter.
 25909 | Gauntlet | Found a transporter.
 25909 | Gauntlet | Found a transporter.
 25985 | Gauntlet | Found a transporter.
 25993 | Gauntlet | Found a transporter.
 26007 | Gauntlet | Found a transporter.
 26021 | Gauntlet | Found a transporter.
 26102 | Gauntlet | Found a transporter.
 26114 | Gauntlet | Found a transporter.
 26131 | Gauntlet | Found a transporter.
 26145 | Gauntlet | Found a transporter.
 26278 | Gauntlet | Reached skill level 1 in Evocations
 26289 | Gauntlet | Identified the +1 helmet "Qoboocwaw" {Str+3}
 26335 | Gauntlet | Identified the amulet "Etuzeat" {Drain rC++ Regen+ Int+3
                  | Dex+2}
 26357 | Gauntlet | Found the +3 robe of Clouds {*Thunder rCloud rElec}
 26357 | Gauntlet | Identified the ring "Ahitt" {Fire Will+}
 26475 | D:14     | Reached skill level 2 in Evocations
 26718 | D:14     | Reached skill level 13 in Fighting
 26718 | D:14     | Reached skill level 3 in Evocations
 26830 | D:14     | Reached skill level 4 in Evocations
 26861 | D:14     | Found a gate to the Vaults.
 27159 | D:15     | Entered Level 15 of the Dungeon
 27255 | D:15     | Found a staircase to the Depths.
 27468 | D:15     | Reached skill level 5 in Evocations
 27527 | D:15     | Reached skill level 14 in Fighting
 27993 | D:15     | Identified the +5 trident of the Volcano {antimagic, Int+3}
 28027 | D:15     | Reached skill level 15 in Fighting
 28901 | Shoals:1 | Entered Level 1 of the Shoals
 28987 | Shoals:1 | Found a runed translucent door.
 28987 | Shoals:1 | Noticed busb's ghost (journeyman BaNe)
 28998 | Shoals:1 | Killed busb's ghost
 29001 | Shoals:1 | Got the Precepts of the Thirsty Ultimatums
 29463 | Shoals:1 | Reached skill level 15 in Polearms
 29467 | Shoals:1 | Reached XP level 17. HP: 124/142 MP: 31/31
 29959 | Shoals:2 | Noticed Ilsuiw
 30157 | Shoals:2 | Killed Ilsuiw
 30604 | Shoals:3 | Reached skill level 16 in Polearms
 31218 | Shoals:3 | Found Vygigohao's Armour Shoppe.
 31420 | Shoals:3 | Reached skill level 17 in Polearms
 31564 | Shoals:4 | Entered Level 4 of the Shoals
 31958 | Shoals:4 | Identified a scroll of acquirement
 31961 | Shoals:4 | Acquired a +4 heavy bardiche
 32033 | Shoals:4 | Got a barnacled rune of Zot
 32114 | Shoals:4 | Reached skill level 18 in Polearms
 32196 | Shoals:4 | Found Teapalar's Gadget Gallery.
 32334 | Shoals:4 | Reached XP level 18. HP: 90/149 MP: 32/32
 32390 | Shoals:4 | Identified the ring of Tyfof {rC+ Int-3 Dex+6 Stlth+}
 32974 | Snake:1  | Entered Level 1 of the Snake Pit
 33043 | Snake:1  | Reached skill level 19 in Polearms
 33633 | Snake:1  | Acquired the +1 pair of gloves "Hiamul" {Drain rElec
                  | Will+++}
 34120 | Snake:2  | Reached skill level 20 in Polearms
 34688 | Snake:3  | Found Tudam's Magic Scroll Emporium.
 34729 | Snake:3  | Found a frozen archway.
 34746 | IceCv    | Entered an ice cave
 34891 | IceCv    | Noticed an Ice Fiend
 34906 | IceCv    | Killed an Ice Fiend
 34920 | IceCv    | Identified the ring "Tokhlieg" {Ice Dex+2}
 35198 | Snake:3  | Reached skill level 21 in Polearms
 35660 | Snake:3  | Reached XP level 19. HP: 145/155 MP: 33/33
 35938 | Snake:4  | Entered Level 4 of the Snake Pit
 36165 | Snake:4  | Slain by a salamander

Illustrated notes

Levels and vault maps discovered:
D:1:      nzn_arrival_water_spiral, layout_basic, grunt_decor_junction
D:2:      layout_loops_corners, shapermc_ecumenical_altar_mp_urbaneastern,
          basic_altar
D:3:      layout_loops_ring, mainiacjoe_overflow_alcove_4,
          gammafunk_ghost_abyssal_escape, minmay_rat_hole, uniq_terence,
          uniq_ijyb
D:4:      corexii_shantytown, layout_basic, old_standard_altar,
          trog_ov_bears_minmay, fiery_altar_vehumet,
          grunt_dithmenos_smoke_and_mirrors, hangedman_decor_points
D:5:      layout_loops_ring, ashenzari_conservatory_becter, grunt_ministairs_12,
          chequers_hall_statues_corner_a, minmay_misc_feat_more_columns,
          kennysheep_minor_cross, minmay_gold_behind_fungi, minmay_lizard_king
D:6:      layout_gridville, nemelex_dance_club_becter,
          mainiacjoe_overflow_chevrons, minmay_temple_entry_proselytizer,
          lightli_sewer_entry_pipes, nicolae_ossuary_entry_giza, kennysheep_nub,
          uniq_grinder, uniq_maggie, uniq_duvessa
D:7:      layout_layer_cave, mainiacjoe_overflow_six_doors_small, serial_undead,
          serial_undead_d, serial_undead_b, serial_undead_f, serial_undead_e,
          serial_undead_d, serial_undead_f, serial_undead_b, serial_undead_c,
          serial_shops, nicolae_shop_waterfront, uniq_menkaure
D:8:      layout_gridville
D:9:      layout_roguey, hellmonk_lair_entry_icy
D:10:     layout_basic
D:11:     layout_small_grid, serial_shops, nicolae_shop_back_alley_shop,
          nicolae_twisting_strands, uniq_josephine
D:12:     minmay_the_grid_octo_tiled_octocenter [minmay_the_grid_octo_horde,
          minmay_the_grid_octo_teeth, minmay_the_grid_octo_vomiting_pacman,
          minmay_the_grid_octo_empty,
          minmay_the_grid_octo_prize_ultimate_mussel_roller,
          minmay_the_grid_square_5x5_corner, minmay_the_grid_square_5x5_longway,
          minmay_the_grid_square_5x5_two_walls_b,
          minmay_the_grid_square_5x5_bridge], layout_basic,
          minmay_misc_feat_doors, grunt_decor_cap
D:13:     layout_basic, serial_shops, nicolae_shop_real_fake_doors
D:14:     layout_loops_ring, hangedman_vaults_entry_quadrant_bands,
          hangedman_decor_diamond_cutter, gammafunk_ghost_split,
          gauntlet_entry_generic, serial_shops, shop, nicolae_wwwww, uniq_nessos
D:15:     hangedman_depths_entry_try_elsewhere_first, layout_layer_cave,
          minmay_misc_feat_nine_boxes
Temple:   cyrus_circular_temple
Lair:1:   wad_woods_04, layout_small_grid, nicolae_volcano_entry_s_turn,
          st_stairs_11
Lair:2:   layout_hall_layers, elwin_shoals_entry_rooms,
          minmay_snake_entry_six_corridors, uniq_fannar, uniq_amaemon,
          uniq_erica
Lair:3:   layout_chaotic_city, tgw_fedhas, grunt_megastairs_5, uniq_nergalle
Lair:4:   beast_lair_carwin_large_1, layout_cave_pods, basic_altar,
          evilmike_ambush [evilmike_ambush_outer_corners,
          evilmike_ambush_inner_basic]
Lair:5:   hangedman_lair_caniforms_friends, layout_gridlike,
          guppyfry_lair_end_dragon, slime_entry_1
Shoals:1: layout_shoals, gammafunk_ghost_grave
Shoals:2: layout_shoals, uniq_ilsuiw
Shoals:3: cheibrodos_shoals_three_sisters, layout_shoals, serial_shops,
          nicolae_shop_advertising_works [nicolae_subvault_shop_adworks]
Shoals:4: shoals_end_grunt_garden, layout_shoals, shoals_ilsuiw_alternative,
          nicolae_shop_gadgets
Snake:1:  layout_cave_pods
Snake:2:  layout_onion, nicolae_snake_springs, serial_bayou_shore_a
Snake:3:  layout_cave_pods, portal_ice_cave_entry_ice_simulacra,
          nicolae_stop_n_shop_1, nicolae_snake_the_dead_are_slithering
Snake:4:  snake_pit, layout_gridlike
Orc:1:    layout_caves, serial_shops, nicolae_shop_behind_doors, abandoned_shop,
          uniq_gastronok, uniq_erolcha
Orc:2:    grunt_orc_gardens, layout_diamond_mine, grunt_orc_garden,
          grunt_orc_garden, grunt_orc_garden, grunt_orc_garden,
          gammafunk_ghost_grave

Skill      XL: |  1  2  3  4  5  6  7  8  9 10 11 12 13 14 15 16 17 18 |
---------------+-------------------------------------------------------+-----
Necromancy     | 4 5 6 |  6.0
Fighting       | 1 4 5 8 10 12 15 | 15.4
Spellcasting   | 4 5 9 10 | 10.0
Dodging        | 5 9 10 | 10.1
Hexes          | 2 4 7 10 | 10.0
Polearms       | 10 14 15 18 21 | 21.8
Armour         | 1 8 10 | 10.0
Invocations    | 6 10 | 10.0
Translocations | 7 |  7.1
Conjurations   | 6 7 |  7.0
Transmutations | 6 7 |  7.1
Evocations     | 5 |  5.0
Stealth        | |  1.7

Action                     |  1- 3 |  4- 6 |  7- 9 | 10-12 | 13-15 | 16-18 | 19-21 || total
---------------------------+-------+-------+-------+-------+-------+-------+-------++-------
  Melee: Unarmed           |     2 |       |       |       |       |       |       ||     2
         Whip              |    30 |    75 |   255 |       |       |       |       ||   360
         Punch             |     1 |     1 |    11 |    13 |    31 |     1 |       ||    58
         Dagger            |       |       |   257 |       |       |       |       ||   257
         Trident           |       |       |   138 |   718 |  1761 |   433 |       ||  3050
         Headbutt          |       |       |       |   126 |    70 |       |       ||   196
         Glaive            |       |       |       |       |       |   381 |       ||   381
         Bardiche          |       |       |       |       |       |   367 |    56 ||   423
  Throw: Dart              |       |       |       |     1 |       |       |       ||     1
         Throwing net      |       |       |       |       |       |     1 |       ||     1
   Cast: Necrotise         |    55 |   107 |   107 |    24 |    29 |    43 |       ||   365
         Vampiric Draining |       |     1 |    14 |       |     1 |     2 |       ||    18
         Slow              |       |       |     1 |       |       |       |       ||     1
         Confusing Touch   |       |       |     4 |       |       |       |       ||     4
         Blink             |       |       |       |       |     3 |     4 |       ||     7
         Tukima's Dance    |       |       |       |       |       |    21 |       ||    21
 Invoke: Slouch            |       |       |       |       |     5 |     9 |       ||    14
Ability: Hop               |       |       |     3 |     1 |       |     2 |       ||     6
  Evoke: Wand              |       |       |    12 |     2 |       |     4 |       ||    18
    Use: Scroll            |       |       |    17 |     4 |     9 |    15 |       ||    45
         Potion            |       |       |     4 |     4 |     2 |     4 |       ||    14
   Stab: Sleeping          |       |     2 |     8 |    10 |    16 |    21 |       ||    57
         Distracted        |       |       |     2 |     1 |     4 |     7 |     1 ||    15
         Confused          |       |       |     3 |       |       |       |       ||     3
         Petrified         |       |       |       |       |     9 |       |       ||     9
         Held in net/web   |       |       |       |       |       |     3 |       ||     3
 Armour: Robe              |     8 |    25 |   119 |       |       |       |       ||   152
         Skin              |       |       |    49 |       |       |       |       ||    49
         Steam dragon scal |       |       |    25 |    84 |   241 |   205 |    19 ||   574
  Dodge: Dodged            |    38 |    58 |   446 |   412 |  1459 |  1505 |    78 ||  3996
